 Dungeon Crawl Stone Soup version 0.19.0-16-g73b5abf (webtiles) character file.

404 Haldmier the Slasher (level 6, 0/39 HPs)
             Began as a High Elf Skald on Nov 10, 2016.
             Was an Initiate of Ashenzari.
             Killed by divine providence
             ... invoked by an orc priest
              (13 damage)
             ... on level 4 of the Dungeon.
             The game lasted 00:20:51 (5566 turns).

Haldmier the Slasher (High Elf Skald)               Turns: 5566, Time: 00:20:52

Health: 0/39       AC:  5    Str: 13    XL:     6   Next: 56%
Magic:  11/11      EV: 11    Int: 16    God:    Ashenzari [......]
Gold:   153        SH:  0    Dex: 15    Spells: 4 memorised, 1 level left

rFire  . . .     SeeInvis .     a - +0 falchion
rCold  . . .     Gourm    .     b - +0 leather armour
rNeg   . . .     Faith    .     (no shield)
rPois  .         Spirit   .     f - +0 helmet
rElec  .         Reflect  .     (no cloak)
rCorr  .         Harm     .     (no gloves)
MR     .....                    p - +0 pair of boots
Stlth  +.........               (no amulet)
                                (no ring)
                                (no ring)

@: no status effects
A: no striking features
a: Curse Item, Renounce Religion


You were on level 4 of the Dungeon.
You worshipped Ashenzari.
Ashenzari was noncommittal.
You were not hungry.

You visited 2 branches of the dungeon, and saw 5 of its levels.

You collected 153 gold pieces.

Inventory:

Hand Weapons
 a - a +0 falchion (weapon)
 v - a +1 dagger of flaming
Missiles
 e - 128 stones (quivered)
Armour
 b - a +0 leather armour (worn)
 f - a +0 helmet (worn)
 g - a +0 ring mail
 p - a +0 pair of boots (worn)
Jewellery
 l - an uncursed ring of ice
Scrolls
 i - a scroll of teleportation {unknown}
 k - 4 scrolls of remove curse
 n - a scroll of identify
 r - a scroll of immolation {unknown}
 s - a scroll of enchant weapon {unknown}
 u - a scroll of magic mapping {unknown}
Potions
 m - a potion of brilliance {unknown}
 o - 2 potions of curing
 q - a potion of flight {unknown}
Books
 c - a book of Battle

   Spells                             Type                      Level
   a - Infusion                       Charms                       1
   b - Shroud of Golubria             Charms/Translocation         2
   c - Song of Slaying                Charms                       2
   d - Spectral Weapon                Hexes/Charms                 3
   e - Regeneration                   Charms/Necromancy            3
Comestibles
 d - 5 bread rations
 h - 4 chunks of flesh
 j - 2 meat rations
 t - 2 beef jerkies


   Skills:
 - Level 2.0 Fighting
 + Level 6.0 Long Blades
 - Level 0.8 Armour
 - Level 1.1 Dodging
 + Level 2.8 Spellcasting
 - Level 3.0 Hexes
 + Level 4.7 Charms
 + Level 0.5 Necromancy
 - Level 2.0 Translocations


You had one spell level left.
You knew the following spells:

 Your Spells              Type           Power        Failure   Level  Hunger
a - Infusion              Chrm           ###.         4%          1    #......
b - Shroud of Golubria    Chrm/Tloc      ##........   12%         2    ##.....
c - Spectral Weapon       Hex/Chrm       ##......     17%         3    ###....
d - Regeneration          Chrm/Necr      ##........   28%         3    ###....


Dungeon Overview and Level Annotations

Branches:
Dungeon (4/15)             Temple (1/1) D:4

Altars:
Ashenzari
Dithmenos
Elyvilon
Gozag
Hepliaklqana
Kikubaaqudgha
Okawaru
Qazlal
Sif Muna
Trog
Uskayaw
Vehumet
Xom
Zin
The Shining One

Annotations:
D:3 exclusion: door, Mlkhall's ghost, amateur DEWz; Terence


Message History

An orc priest and an orc wizard come into view.
The orc wizard shouts!
The orc wizard mumbles some strange words.
The orc wizard seems to speed up.
An adder and an orc wizard come into view.
The orc wizard gestures at you while chanting.
The magic dart hits you!
The orc wizard gestures at you while chanting.
You resist with some effort.
The orc priest looks encouraged for a moment.
The orc wizard gestures at you while chanting.
The magic dart hits you!
The orc priest mumbles some strange prayers to Beogh against you.
Beogh smites you!
The orc wizard casts a spell.
The orc wizard gestures wildly while chanting.
The orc wizard blinks!
The orc priest calls down the wrath of Beogh upon you.
Beogh smites you!
You die...

#. #.PP. #...........##§§§
#. ..oo #............#§§§
.. ... #..........#.#§§§ ..
o. #............#### ..#.
#................ .o.#
##...........#### #..##
##........####§§§
....#############........##
§§§
..........o§....@.....####
§§§ .........o#######....##
§§§ .########## ###.#.# ###
# #####


You could see an orc priest and an orc wizard.

Vanquished Creatures
  A phantom (D:4)
  An orc priest (D:4)
  A centaur skeleton (D:4)
  An orc wizard (D:4)
  An iguana (D:4)
  Ijyb (D:2)
  A worker ant (D:4)
  5 adders
  2 oozes (D:1)
  5 worms
  A dart slug (D:2)
  3 leopard geckos
  7 orcs (D:4)
  4 giant cockroaches
  10 goblins
  4 hobgoblins
  12 jackals
  7 bats
  5 frilled lizards
  4 kobolds
  3 rats (D:1)
79 creatures vanquished.

Notes
Turn   | Place    | Note
-------+----------+-------------------------------------------
     0 | D:1      | Haldmier the High Elf Skald began the quest for the Orb.
     0 | D:1      | Reached XP level 1. HP: 14/14 MP: 4/4
    86 | D:1      | Reached skill level 3 in Long Blades
   272 | D:1      | Reached XP level 2. HP: 19/19 MP: 3/6
   406 | D:1      | Learned a level 2 spell: Shroud of Golubria
   744 | D:1      | Reached skill level 4 in Long Blades
   744 | D:1      | Reached XP level 3. HP: 23/24 MP: 3/7
  1088 | D:1      | Reached skill level 1 in Translocations
  2174 | D:2      | Reached XP level 4. HP: 29/29 MP: 1/8
  2179 | D:2      | Learned a level 3 spell: Spectral Weapon
  2852 | D:2      | Reached skill level 1 in Hexes
  3521 | D:3      | Noticed Mlkhall's ghost (amateur DEWz)
  3799 | D:3      | Found a glowing silver altar of Zin.
  3802 | D:3      | Noticed an angel
  3806 | D:3      | Found a shimmering altar of Xom.
  3879 | D:3      | Found a shadowy altar of Dithmenos.
  4097 | D:3      | Reached skill level 5 in Long Blades
  4117 | D:3      | Found a faded altar of an unknown god.
  4163 | D:3      | Found a faded altar of an unknown god.
  4163 | D:3      | Found a faded altar of an unknown god.
  4163 | D:3      | Noticed Terence
  4231 | D:3      | Found a glowing golden altar of the Shining One.
  4400 | D:3      | Noticed Ijyb
  4435 | D:2      | Killed Ijyb
  4435 | D:2      | Reached XP level 5. HP: 17/34 MP: 1/9
  4823 | D:4      | Found a staircase to the Ecumenical Temple.
  4825 | D:4      | Noticed a phantom
  4830 | Temple   | Entered the Ecumenical Temple
  4899 | Temple   | Became a worshipper of Ashenzari the Shackled
  4955 | D:4      | Killed a phantom
  5066 | D:4      | Reached XP level 6. HP: 39/39 MP: 2/10
  5071 | D:4      | Learned a level 3 spell: Regeneration
  5199 | D:4      | Reached skill level 6 in Long Blades
  5507 | D:4      | Found a stormy altar of Qazlal.
  5566 | D:4      | Killed from afar by an orc priest

Skill      XL: |  1  2  3  4  5  6 |
---------------+-------------------+-----
Long Blades    | 3 4 5 6 |  6.0
Translocations | 2 |  2.0
Hexes          | 2 3 |  3.0
Charms         | 4 |  4.7
Fighting       | |  2.0
Armour         | |  0.8
Dodging        | |  1.1
Spellcasting   | |  2.8
Necromancy     | |  0.5

Action                   |  1- 3 |  4- 6 || total
-------------------------+-------+-------++-------
Melee: Falchion          |   134 |   170 ||   304
 Cast: Infusion          |    16 |    16 ||    32
       Shroud of Golubri |     2 |    12 ||    14
       Spectral Weapon   |       |     4 ||     4
  Use: Scroll            |       |     2 ||     2
 Stab: Distracted        |       |     1 ||     1
  Eat: Chunk             |     4 |    13 ||    17
Armor: Leather armour    |    45 |    57 ||   102
Dodge: Dodged            |    83 |    90 ||   173
       Rpst.: Falchion   |    25 |    26 ||    51
